 Dungeon Crawl Stone Soup version 0.31-a0-198-g2ad674f65e (webtiles) character file.

Game seed: 504278509624950651

51 Demosthentine the Ducker (level 3, 0/28 HPs)
             Began as a Demonspawn Gladiator on June 25, 2023.
             Slain by a black bear (3 damage)
             ... on level 3 of the Dungeon.
             The game lasted 00:01:38 (1338 turns).

Demosthentine the Ducker (Demonspawn Gladiator)     Turns: 1338, Time: 00:01:39

Health: 0/28       AC:  5    Str: 16    XL:     3   Next: 57%
Magic:  0/3        EV: 13    Int:  9    God:
Gold:   135        SH:  0    Dex: 14    Spells: 2/2 levels left

rFire   . . .        a - +0 trident
rCold   . . .        (no shield)
rNeg    + . .        b - +0 leather armour
rPois   .            c - +1 helmet
rElec   .            (no cloak)
rCorr   +            (no gloves)
SInv    .            (no boots)
Will    .....        m - amulet of guardian spirit
Stlth   +            j - ring of positive energy
HPRegen 0.24/turn    l - ring of resist corrosion
MPRegen 0.08/turn

%: guardian spirit
@: no status effects
A: sturdy frame 2
a: no special abilities


You were on level 3 of the Dungeon.
You visited 1 branch of the dungeon, and saw 3 of its levels.

You collected 135 gold pieces.

Inventory:

Hand Weapons
 a - a +0 trident (weapon)
Missiles
 d - 2 throwing nets (quivered)
 e - a javelin
Armour
 b - a +0 leather armour (worn)
 c - a +1 helmet (worn)
Jewellery
 g - an amulet of the acrobat
 j - a ring of positive energy (left hand)
 l - a ring of resist corrosion (right hand)
 m - an amulet of guardian spirit (around neck)
Scrolls
 k - 2 scrolls of noise
 n - a scroll of enchant armour
 r - a scroll of identify {unknown}
Potions
 f - a potion of degeneration {unknown}
 h - 2 potions of might {unknown}
 i - 4 potions of curing {unknown}
 o - a potion of cancellation {unknown}
 p - a potion of ambrosia {unknown}
 q - a potion of attraction {unknown}


   Skills:
 + Level 2.6 Fighting
 + Level 3.1 Polearms
 - Level 1.7 Throwing
 + Level 1.2 Armour
 + Level 3.1 Dodging


You had 2 spell levels left.
You didn't know any spells.
Your spell library contained the following spells:

 Spells                   Type           Power      Damage    Failure   Level
 Shock                    Conj/Air       0%         1d3       38%         1
 Swiftness                Air            0%         N/A       77%         3
 Airstrike                Air            0%         2d(0-16)  99%         4


Dungeon Overview and Level Annotations

Branches:
Dungeon (3/15)

Altars:


Innate Abilities, Weirdness & Mutations

Your movements are less encumbered by armour. (ER -4)


Message History

The black bear bites you but does no damage.
The black bear claws you.
The black bear claws you but does no damage.
You hit the black bear but do no damage.
The black bear is heavily wounded.
The black bear misses you. The black bear barely misses you.
The black bear closely misses you.
You closely miss the black bear.
The black bear is heavily wounded.
The black bear bites you.
The black bear claws you but does no damage.
The black bear misses you.
You hit the black bear.
The black bear is severely wounded.
The black bear bites you but does no damage.
The black bear claws you.
The black bear claws you but does no damage.
Unknown command.
You closely miss the black bear.
The black bear is severely wounded.
The black bear bites you. The black bear closely misses you.
The black bear claws you.
You barely miss the black bear.
The black bear is severely wounded.
The black bear bites you.
* * * LOW HITPOINT WARNING * * *
The black bear closely misses you. The black bear claws you.
* * * LOW HITPOINT WARNING * * *
Unknown command.
You hit the black bear but do no damage.
The black bear is severely wounded.
The black bear bites you.
* * * LOW HITPOINT WARNING * * *
The black bear barely misses you.
The black bear claws you but does no damage.
You hit the black bear.
The black bear is severely wounded.
The black bear barely misses you. The black bear closely misses you.
The black bear claws you.
You die...

#.......##.....#.#.#
#.......+.###....# #
#.......#. #.#..# ##
#.......#. #.##.# .#
#.##.# #...># #.##.#
.#. #.####?##.#.....
#.....@h.....#
######.##.#..... #..
.# ### ###..# ..# .#
.# ..


You could see a black bear.

Vanquished Creatures
  An adder (D:2)
  A dart slug (D:1)
  4 ball pythons
  3 endoplasms
  3 giant cockroaches
  2 hobgoblins
  7 jackals
  3 quokkas
  5 bats
  4 frilled lizards
  A goblin (D:2)
  A kobold (D:1)
  3 rats
38 creatures vanquished.

Notes
Turn   | Place    | Note
-------+----------+-------------------------------------------
     0 | D:1      | Demosthentine the Demonspawn Gladiator began the quest for
                  | the Orb.
     0 | D:1      | Reached XP level 1. HP: 16/16 MP: 1/1
   103 | D:1      | Gained mutation: Your movements are slightly less
                  | encumbered by armour. (ER -2) [demonic ancestry]
   103 | D:1      | Reached XP level 2. HP: 22/22 MP: 2/2
   112 | D:1      | Found a faded altar of an unknown god.
   750 | D:2      | Identified the +9 dagger of Defence {freeze, Int+2}
   868 | D:2      | Reached skill level 1 in Armour
   943 | D:2      | Gained mutation: Your movements are less encumbered by
                  | armour. (ER -4) [demonic ancestry]
   943 | D:2      | Reached XP level 3. HP: 28/28 MP: 3/3
  1316 | D:3      | Noticed a black bear
  1338 | D:3      | Slain by a black bear

Illustrated notes

Levels and vault maps discovered:
D:1:      saegor_arrival_simple_b, layout_basic,
          chequers_ecumenical_altar_island, minmay_pentomino_v4
D:2:      layout_loops_cross
D:3:      layout_basic

Skill      XL: |  1  2 |
---------------+-------+-----
Polearms       | 3 |  3.1
Dodging        | 3 |  3.1
Armour         | 1 |  1.2
Fighting       | |  2.6
Throwing       | |  1.7

Action                     || total
---------------------------++-------
  Melee: Trident           ||   127
         Punch             ||     2
  Throw: Throwing net      ||     1
    Use: Scroll            ||     8
   Stab: Sleeping          ||     3
         Held in net/web   ||     1
 Armour: Leather armour    ||    43
  Dodge: Dodged            ||    90

Table legend: (Time is in decaauts)
 A = Elapsed time spent in this place.
 B = Non-inter-level travel time spent in this place.
 C = Inter-level travel time spent in this place.
 D = Time resting spent in this place.
 E = Time spent auto-exploring this place.
 F = Levels seen in this place.
 G = Mean time per level.
                   A        B        C        D        E       F      G
               +--------+--------+--------+--------+--------+-----+--------+
         Total |   1357 |   1306 |     51 |     23 |    973 |   3 |  452.3 |
       Dungeon |   1357 |   1306 |     51 |     23 |    973 |   3 |  452.3 |
               +--------+--------+--------+--------+--------+-----+--------+

Top non-repeatable levels by time:
     D:1: 650 daAuts
     D:2: 577 daAuts
     D:3: 129 daAuts
